AoeStats
← Trevor

Black Forest

509393374Analyzed
2v2 RM · 6d ago on Sep 26, 2026· 42m 1s· 4 players
Game mode
Random Map
Map size
Medium (4 player)
Population
200
Speed
Normal
Resources
Standard
Victory
Conquest
Starting age
Dark Age
Ending age
Imperial Age
RankedLock teamsTeams togetherTeam positionsShared explorationLock speedFull tech treeHidden civsTurbo modeCheats
Victory
Defeat
🇲🇽 Malay · Mexico
1172
+19
🇵🇰 Mongols · Pakistan
1138
+20
🇩🇪 Teutons · Germany
1240
-20
🇺🇦 Malay · Ukraine
1216
-19
Trevor
1:00 Loom
11:33 Feudal Age
11:01 Man-at-Arms
11:43 Double-Bit Axe
12:15 Arson
13:00 Town Watch
14:56 Wheelbarrow
15:01 Horse Collar
20:56 Castle Age
19:27 Stone Mining
20:01 Long Swordsman
21:25 Squires
22:37 Gold Mining
24:50 Heavy Plow
25:02 Bow Saw
25:47 Gold Shaft Mining
31:35 Imperial Age
29:26 Husbandry
30:05 Scale Barding Armor
Obi Lan
1:06 Loom
11:57 Feudal Age
12:26 Horse Collar
12:41 Double-Bit Axe
18:11 Fletching
20:52 Castle Age
20:19 Wheelbarrow
21:08 Scale Mail Armor
21:20 Forging
22:17 Bodkin Arrow
24:06 Heavy Plow
24:19 Bow Saw
25:10 Hand Cart
24:42 Town Watch
26:14 Gold Mining
26:17 Stone Mining
28:54 Town Patrol
32:19 Imperial Age
30:16 Caravan
32:16 Stone Shaft Mining
32:01 Chain Mail Armor
32:22 Iron Casting
33:50 Plate Mail Armor
33:43 Crenellations
33:44 Conscription
35:20 Blast Furnace
34:45 Elite Teutonic Knight
37:30 Hoardings
38:13 Chemistry
38:39 Two-Man Saw
38:12 Crop Rotation
38:08 Fortified Wall
38:11 Masonry
38:19 Pikeman
39:02 Squires
38:48 Arson
38:46 Onager
40:20 Siege Onager
Tiiiian
11:35 Feudal Age
14:51 Castle Age
14:10 Double-Bit Axe
14:42 Loom
15:41 Fletching
16:10 Horse Collar
19:31 Wheelbarrow
21:15 Bodkin Arrow
23:28 Crossbowman
30:06 Imperial Age
28:17 Padded Archer Armor
30:33 Chemistry
32:10 Ballistics
34:04 Arbalester
34:50 Thumb Ring
36:09 Bow Saw
37:21 Gold Mining
37:22 Stone Mining
38:49 Town Watch
39:18 Heavy Plow
39:44 Elite Karambit Warrior
mag dump
11:44 Feudal Age
12:44 Double-Bit Axe
16:37 Castle Age
14:48 Horse Collar
17:59 Bow Saw
18:26 Heavy Plow
24:34 Wheelbarrow
23:45 Loom
25:05 Gold Mining
25:07 Stone Mining
26:53 Hand Cart
27:00 Fletching
27:22 Town Watch
32:12 Imperial Age
30:29 Gold Shaft Mining
30:32 Stone Shaft Mining
31:55 Bodkin Arrow
32:00 Padded Archer Armor
33:31 Conscription
33:20 Town Patrol
34:12 Bracer
35:18 Chemistry
36:36 Leather Archer Armor
37:08 Ballistics
38:00 Fortified Wall
37:28 Elite Mangudai
40:22 Bloodlines
40:12 Husbandry
40:28 Siege Engineers
41:08 Drill
Connection lost

Rejoining the realm…

Still unreachable

The connection could not be restored.

Session expired

The server has moved on; the page needs a fresh start.